 Seeded DCSS version 0.28.0-53-g5a82cb258f (webtiles) character file.

Game seed: 9581929281390380060 (custom seed)

16949 Kranky the Slinger (level 12, -3/91 HPs)
             Began as a Gnoll Wanderer on June 25, 2022.
             Was a High Priest of Okawaru.
             Hit by a silver javelin thrown by a minotaur (14 damage)
             ... in a Gauntlet on June 27, 2022.
             The game lasted 00:57:19 (12334 turns).

Kranky the Slinger (Gnoll Wanderer)                Turns: 12334, Time: 00:57:19

Health: -3/91      AC: 24    Str: 12    XL:     12   Next: 42%
Magic:  33/33      EV:  5    Int: 16    God:    Okawaru [*****.]
Gold:   670        SH:  0    Dex: 16    Spells: 25/28 levels left

rFire   + + .      SeeInvis .   s - +10 spear of Byses {holy, Int+6 Stlth+}
rCold   . . .      Faith    .   (no shield)
rNeg    . . .      Spirit   .   Z - +0 plate armour {rF+}
rPois   .          Reflect  .   Y - +2 hat
rElec   .          Harm     .   B - +0 cloak
rCorr   +          Rampage  .   (no gloves)
Will    ++++.      NoTele   +   a - +2 pair of boots of Tulips {rF+ Will+++ Str-2}
Stlth   ..........              G - amulet of regeneration
HPRegen 1.05/turn               N - ring "Loahiz" {Will+ rCorr MP+9}
MPRegen 0.23/turn               o - +4 ring of protection

@: no status effects
A: fangs 1, strong nose, distributed training
a: Renounce Religion, Heroism, Finesse, Duel


You were in a Gauntlet.
You worshipped Okawaru.
Okawaru was extremely pleased with you.
You visited 2 branches of the dungeon, and saw 12 of its levels.
You also visited: Sewer and Gauntlet.

You collected 670 gold pieces.

Inventory:

Hand Weapons
 s - the +10 spear of Byses (weapon) {holy, Int+6 Stlth+}
   (You found it on level 9 of the Dungeon)

   It has been blessed by the Shining One to cause great damage to the undead
   and demons.
   Int:       It affects your intelligence (+6).
   Stlth:     It makes you more stealthy.
 T - the +8 rapier "Kiddul" {freeze, rElec rF+ rN+}
   (You found it on level 7 of the Dungeon)

   It freezes those it strikes, dealing additional cold damage.
   It can also slow down cold-blooded creatures.
   rF:        It protects you from fire.
   rElec:     It insulates you from electricity.
   rN:        It protects you from negative energy.
Missiles
 C - 6 curare-tipped darts
 D - 2 atropa-tipped darts
 U - 34 poisoned darts (quivered)
Armour
 a - the +2 pair of boots of Tulips (worn) {rF+ Will+++ Str-2}
   (You found it in a Gauntlet)

   Str:       It affects your strength (-2).
   rF:        It protects you from fire.
   Will:      It greatly increases your willpower.
 v - the +0 pair of boots "Jywebuep" {-Tele rElec Regen+}
   (You found it on level 4 of the Dungeon)

   rElec:     It insulates you from electricity.
   -Tele:     It prevents most forms of teleportation.
   Regen:     It increases your rate of health regeneration.
 B - a +0 cloak (worn)
 Q - a +3 ring mail
 Y - a +2 hat (worn)
 Z - a +0 plate armour of fire resistance (worn)
Jewellery
 b - the ring "Zijuros" {*Corrode rPois Will+ SInv}
   (You found it in a Gauntlet)

   [ring of willpower]

   rPois:     It protects you from poison.
   SInv:      It lets you see invisible.
   *Corrode:  It may corrode you when you take damage.
   Will:      It increases your willpower.
 l - a ring of wizardry
 o - a +4 ring of protection (right hand)
 F - a ring of willpower
 G - an amulet of regeneration (around neck)
 I - a ring of flight
 L - a ring of protection from cold
 N - the ring "Loahiz" (left hand) {Will+ rCorr MP+9}
   (You found it in a sewer)

   [ring of resist corrosion]

   MP:        It affects your magic capacity (+9).
   rCorr:     It protects you from acid and corrosion.
   Will:      It increases your willpower.
 V - an amulet of faith
Wands
 e - a wand of digging (8)
 q - a wand of iceblast (6)
 y - a wand of acid (6)
 W - a wand of paralysis (6)
Scrolls
 j - a scroll of fog {unknown}
 m - a scroll of holy word {unknown}
 p - 4 scrolls of blinking
 t - 4 scrolls of teleportation
 x - a scroll of enchant weapon
 E - 3 scrolls of fear {unknown}
 H - a scroll of magic mapping {unknown}
 J - a scroll of brand weapon {unknown}
 M - a scroll of noise {unknown}
 O - 3 scrolls of identify
 S - a scroll of enchant armour {unknown}
 X - a scroll of immolation {unknown}
Potions
 d - 2 potions of might {unknown}
 f - a potion of magic
 h - 6 potions of haste
 i - a potion of heal wounds
 k - 2 potions of lignification
 w - 2 potions of ambrosia
 z - 9 potions of flight
 A - 5 potions of curing
Miscellaneous
 r - a lightning rod (4/4)


   Skills:
 + Level 7.3 Fighting
 + Level 7.3 Short Blades
 + Level 7.3 Long Blades
 + Level 7.3 Axes
 + Level 7.3 Maces & Flails
 + Level 7.3 Polearms
 + Level 7.3 Staves
 + Level 9.9 Slings
 + Level 7.3 Bows
 + Level 7.3 Crossbows
 + Level 7.8 Throwing
 + Level 7.8 Armour
 + Level 7.3 Dodging
 + Level 7.7 Stealth
 + Level 7.3 Shields
 + Level 7.3 Unarmed Combat
 + Level 8.9 Spellcasting
 + Level 6.0 Conjurations
 + Level 6.0 Hexes
 + Level 6.0 Summonings
 + Level 6.0 Necromancy
 + Level 6.0 Translocations
 + Level 6.0 Transmutations
 + Level 6.0 Fire Magic
 + Level 7.2 Ice Magic
 + Level 6.0 Air Magic
 + Level 6.0 Earth Magic
 + Level 6.0 Poison Magic
 + Level 8.0 Invocations
 + Level 7.3 Evocations


You had 25 spell levels left.
You knew the following spells:

 Your Spells              Type           Power      Damage    Failure   Level
a - Freeze                Ice            100%       1d11      45%         1
b - Ensorcelled Hibernat  Hex/Ice        56%        N/A       71%         2

Your spell library contained the following spells:

 Spells                   Type           Power      Damage    Failure   Level
 Beastly Appendage        Tmut           52%        N/A       65%         1
 Wereblood                Tmut           26%        N/A       78%         2
 Spider Form              Tmut/Pois      26%        N/A       95%         3
 Passage of Golubria      Tloc           26%        N/A       100%        4
 Yara's Violent Unravell  Hex/Tmut       13%        3d7       100%        5
 Tukima's Dance           Hex            Unusable   N/A       N/A         3
 Summon Ice Beast         Ice/Summ       Unusable   N/A       N/A         4

Dungeon Overview and Level Annotations

Branches:
Dungeon (11/15)            Temple (1/1) D:5            Lair (0/6) D:8
    Orc (0/2) D:10          Sewer (visited)         Gauntlet (1/1)

Altars:
Ashenzari
Dithmenos
Elyvilon
Hepliaklqana
Kikubaaqudgha
Nemelex Xobeh
Okawaru
Sif Muna
Wu Jian
Xom
Yredelemnul
The Shining One

Shops:
D:1 =

Annotations:
D:7 1 runed translucent door Gauntlet 8 transporters


Innate Abilities, Weirdness & Mutations

You have very sharp teeth.
Your uncanny sense of smell can sniff out nearby items.
Your experience applies equally to all skills.


Message History

You punch the minotaur, but do no damage.
The minotaur is moderately wounded.
The minotaur hits you but does no damage.
The minotaur gores you but does no damage.
You hit the minotaur but do no damage.
The minotaur is moderately wounded.
The minotaur hits you with a +3 rapier of speed!!
The minotaur gores you but does no damage.
You barely miss the minotaur.
The minotaur is moderately wounded.
The minotaur hits you with a +3 rapier of speed.
The minotaur gores you but does no damage.
You hit the minotaur but do no damage.
The minotaur is moderately wounded.
The minotaur hits you with a +3 rapier of speed!
The minotaur gores you but does no damage.
You hit the minotaur but do no damage.
You bite the minotaur, but do no damage.
The minotaur is moderately wounded.
The minotaur hits you with a +3 rapier of speed!
* * * LOW HITPOINT WARNING * * *
The minotaur gores you but does no damage.
Okay, then.
Okay, then.
You feel much better.
The minotaur hits you with a +3 rapier of speed!!
* * * LOW HITPOINT WARNING * * *
The minotaur gores you but does no damage.
The minotaur hits you with a +3 rapier of speed!!
* * * LOW HITPOINT WARNING * * *
The minotaur gores you but does no damage.
You feel much better.
The minotaur hits you with a +3 rapier of speed!
* * * LOW HITPOINT WARNING * * *
The minotaur gores you!
* * * LOW HITPOINT WARNING * * *
The minotaur hits you but does no damage.
The minotaur gores you but does no damage.
The minotaur throws a silver javelin.
The silver javelin pierces through you!
You die...

........≈##..#.###
#####...##...#.#..
.#99#...#....#.#.#
..###...#.8©.#.#.# ###
##.##...#....#.#.# .8#
©#.©#.8.#.8©...#.# ∩.#
..###...#....#.#.# .8 #
##.##...#.8©.#...# .##.#
.#99#...#....#.#@##....#
#####...##...#.#..H.#
.......§§##..#.######
8.....8.####.#..
.........#######
######...≈# ....^#...##
.#.#.#...≈# #.#..#...##


You could see a minotaur.

Vanquished Creatures
  Gastronok (D:8)
  Erolcha (D:9)
  2 centaur warriors
  A two-headed ogre (D:7)
  A lindwurm (shapeshifter) (D:9)
  2 deep elf pyromancers (D:9)
  2 ugly things (D:9)
  4 cyclopes
  Joseph (D:9)
  Maggie (D:10)
  A hellion (Gauntlet)
  A komodo dragon (D:10)
  An efreet (Gauntlet)
  3 hornets
  2 trolls
  A wraith (D:10)
  2 fire elementals (Gauntlet)
  2 wyverns
  10 yaks
  A vampire mosquito (D:7)
  A warg (D:10)
  Duvessa (D:5)
  3 orc warriors
  4 hell hounds (Gauntlet)
  A sky beast (D:5)
  2 ice beasts
  A hornet zombie (D:8)
  A necrophage (D:5)
  4 centaurs
  3 phantoms
  5 bullfrogs
  3 kobold brigands
  9 scorpions
  A wyvern zombie (D:8)
  Dowan (D:6)
  11 killer bees (D:9)
  5 wights (D:7)
  2 howler monkeys
  8 electric eels (D:8)
  A centaur zombie (D:9)
  3 bullfrog skeletons
  5 orc priests
  3 jellies
  A gnoll shaman (D:8)
  Crazy Yiuf (D:4)
  Jessica (D:2)
  6 iguanas
  5 orc wizards
  A scorpion zombie (D:5)
  A merfolk avatar (Sewer)
  A merfolk siren (Sewer)
  A mummy (D:8)
  2 howler monkey zombies
  4 gnolls (D:8)
  A howler monkey skeleton (D:6)
  3 river rats
  14 adders
  A white imp (D:7)
  4 ufetubi
  2 adder skeletons (D:4)
  5 worms
  4 dart slugs
  18 orcs
  11 ball pythons
  9 bats
  5 endoplasms
  12 giant cockroaches
  10 goblins
  4 hobgoblins (D:1)
  24 kobolds
  9 quokkas
  7 frilled lizards
  3 hobgoblin zombies (D:8)
  An orc zombie (D:8)
  25 rats
  2 butterflies (D:7)
316 creatures vanquished.

Vanquished Creatures (others)
  2 kobolds (D:8)
  14 demonic plants (Gauntlet)
  21 plants
37 creatures vanquished.

Grand Total: 353 creatures vanquished

Notes
Turn   | Place    | Note
-------+----------+-------------------------------------------
     0 | D:1      | Kranky the Gnoll Wanderer began the quest for the Orb.
     0 | D:1      | Kranky set off with the following items: a +0 hunting
                  | sling, 22 sling bullets, 10 poisoned darts, a +0 dagger, a
                  | +0 leather armour; and the following spell memorised:
                  | Freeze; and the following spells available to memorise:
                  | Ensorcelled Hibernation, Summon Ice Beast
     0 | D:1      | Reached XP level 1. HP: 13/13 MP: 6/6
   249 | D:1      | Reached XP level 2. HP: 19/19 MP: 7/7
   476 | D:1      | Found Wez Hiax's Jewellery Shoppe.
   663 | D:1      | Reached XP level 3. HP: 25/25 MP: 9/9
   705 | D:1      | Reached skill level 5 in Spellcasting
  1227 | D:2      | Reached skill level 1 in Invocations
  1377 | D:2      | Found a shimmering altar of Xom.
  1428 | D:2      | Reached skill level 1 in Fighting
  1428 | D:2      | Reached skill level 1 in Short Blades
  1428 | D:2      | Reached skill level 1 in Long Blades
  1428 | D:2      | Reached skill level 1 in Axes
  1428 | D:2      | Reached skill level 1 in Maces & Flails
  1428 | D:2      | Reached skill level 1 in Polearms
  1428 | D:2      | Reached skill level 1 in Staves
  1428 | D:2      | Reached skill level 1 in Bows
  1428 | D:2      | Reached skill level 1 in Crossbows
  1428 | D:2      | Reached skill level 1 in Dodging
  1428 | D:2      | Reached skill level 1 in Shields
  1428 | D:2      | Reached skill level 1 in Unarmed Combat
  1428 | D:2      | Reached skill level 1 in Evocations
  1565 | D:2      | Found a faded altar of an unknown god.
  1600 | D:2      | Reached XP level 4. HP: 32/32 MP: 11/11
  1992 | D:2      | Noticed Jessica
  1999 | D:2      | Killed Jessica
  2000 | D:2      | Reached skill level 1 in Conjurations
  2000 | D:2      | Reached skill level 1 in Hexes
  2000 | D:2      | Reached skill level 1 in Summonings
  2000 | D:2      | Reached skill level 1 in Necromancy
  2000 | D:2      | Reached skill level 1 in Translocations
  2000 | D:2      | Reached skill level 1 in Transmutations
  2000 | D:2      | Reached skill level 1 in Fire Magic
  2000 | D:2      | Reached skill level 1 in Air Magic
  2000 | D:2      | Reached skill level 1 in Earth Magic
  2000 | D:2      | Reached skill level 1 in Poison Magic
  2308 | D:3      | Reached XP level 5. HP: 28/37 MP: 8/12
  3001 | D:3      | Reached XP level 6. HP: 24/44 MP: 7/13
  3219 | D:4      | Identified the +0 pair of boots "Jywebuep" {-Tele rElec
                  | Regen+}
  3419 | D:4      | Learned a level 2 spell: Ensorcelled Hibernation
  3550 | D:4      | Found a runed translucent door.
  3551 | D:4      | Noticed Crazy Yiuf
  3811 | D:4      | Killed Crazy Yiuf
  3912 | D:5      | Entered Level 5 of the Dungeon
  3970 | D:5      | Noticed an ice beast
  4034 | D:5      | Killed an ice beast
  4035 | D:5      | Reached skill level 7 in Slings
  4035 | D:5      | Reached XP level 7. HP: 50/50 MP: 15/15
  4891 | D:5      | Found a staircase to the Ecumenical Temple.
  4896 | Temple   | Entered the Ecumenical Temple
  4901 | Temple   | Became a worshipper of Warmaster Okawaru
  5036 | D:5      | Reached XP level 8. HP: 57/57 MP: 10/16
  5386 | D:6      | Noticed Dowan
  5388 | D:6      | Noticed Duvessa
  5392 | D:6      | Killed Dowan
  5392 | D:6      | Reached * piety under Okawaru
  5403 | D:5      | Killed Duvessa
  5825 | D:6      | Found a glowing drain.
  5843 | Sewer    | Entered a sewer
  6091 | Sewer    | Reached XP level 9. HP: 65/65 MP: 18/18
  6111 | Sewer    | Reached skill level 5 in Ice Magic
  6148 | Sewer    | Reached ** piety under Okawaru
  6214 | Sewer    | Identified the ring "Loahiz" {Will+ rCorr MP+9}
  7047 | D:7      | Reached skill level 5 in Throwing
  7047 | D:7      | Reached skill level 5 in Armour
  7319 | D:7      | Identified the +8 rapier "Kiddul" {freeze, rElec rF+ rN+}
  7354 | D:7      | Found a runed translucent door.
  7356 | D:7      | Found a runed translucent door.
  7405 | D:7      | Reached skill level 5 in Stealth
  7424 | D:7      | Reached skill level 8 in Slings
  7464 | D:7      | Reached *** piety under Okawaru
  7530 | D:7      | Reached skill level 5 in Invocations
  7615 | D:8      | Noticed a two-headed ogre
  8154 | D:7      | Killed a two-headed ogre
  8154 | D:7      | Received a gift from Okawaru
  8155 | D:7      | Reached XP level 10. HP: 73/73 MP: 20/20
  8308 | D:8      | Found a staircase to the Lair.
  8318 | D:8      | Noticed Gastronok
  8344 | D:8      | Killed Gastronok
  8344 | D:8      | Reached **** piety under Okawaru
  8345 | D:8      | Reached skill level 5 in Fighting
  8345 | D:8      | Reached skill level 5 in Short Blades
  8345 | D:8      | Reached skill level 5 in Long Blades
  8345 | D:8      | Reached skill level 5 in Axes
  8345 | D:8      | Reached skill level 5 in Maces & Flails
  8345 | D:8      | Reached skill level 5 in Polearms
  8345 | D:8      | Reached skill level 5 in Staves
  8345 | D:8      | Reached skill level 5 in Bows
  8345 | D:8      | Reached skill level 5 in Crossbows
  8345 | D:8      | Reached skill level 5 in Dodging
  8345 | D:8      | Reached skill level 5 in Shields
  8345 | D:8      | Reached skill level 5 in Unarmed Combat
  8345 | D:8      | Reached skill level 5 in Evocations
  9265 | D:8      | Found a white marble altar of Elyvilon.
  9428 | D:9      | Noticed Erolcha
  9437 | D:9      | Killed Erolcha
  9437 | D:9      | Reached ***** piety under Okawaru
  9689 | D:9      | Noticed a kobold demonologist
  9863 | D:9      | Reached XP level 11. HP: 74/80 MP: 22/22
  9863 | D:9      | Noticed a centaur warrior
  9899 | D:8      | Killed a centaur warrior
  9900 | D:8      | Reached skill level 9 in Slings
  9919 | D:9      | Reached skill level 5 in Conjurations
  9919 | D:9      | Reached skill level 5 in Hexes
  9919 | D:9      | Reached skill level 5 in Summonings
  9919 | D:9      | Reached skill level 5 in Necromancy
  9919 | D:9      | Reached skill level 5 in Translocations
  9919 | D:9      | Reached skill level 5 in Transmutations
  9919 | D:9      | Reached skill level 5 in Fire Magic
  9919 | D:9      | Reached skill level 5 in Air Magic
  9919 | D:9      | Reached skill level 5 in Earth Magic
  9919 | D:9      | Reached skill level 5 in Poison Magic
  9982 | D:9      | Received a gift from Okawaru
 10057 | D:9      | Noticed a cyclops
 10057 | D:9      | Noticed a deep elf pyromancer
 10057 | D:9      | Noticed a green ugly thing
 10057 | D:9      | Noticed a cyclops
 10057 | D:9      | Noticed a cyclops
 10057 | D:9      | Noticed a red ugly thing
 10057 | D:9      | Noticed a deep elf pyromancer
 10476 | D:9      | Killed a deep elf pyromancer
 10623 | D:9      | Noticed Joseph
 10637 | D:9      | Killed Joseph
 10637 | D:9      | Received a gift from Okawaru
 10810 | D:9      | Killed a cyclops
 10847 | D:9      | Killed a cyclops
 10847 | D:9      | Identified the +2 robe of Eternal Vigilance {rPois Dex+4}
                  | (Okawaru gifted it to you on level 9 of the Dungeon)
 10847 | D:9      | Received a gift from Okawaru
 10881 | D:9      | Killed a green ugly thing
 10903 | D:9      | Killed a red ugly thing
 10909 | D:9      | Killed a deep elf pyromancer
 10944 | D:9      | Killed a cyclops
 10954 | D:9      | Noticed a lindwurm
 10964 | D:9      | Killed a lindwurm
 11008 | D:9      | Identified the +10 spear of Byses {holy, Int+6 Stlth+}
 11109 | D:10     | Entered Level 10 of the Dungeon
 11112 | D:10     | Noticed Maggie
 11125 | D:10     | Killed Maggie
 11126 | D:10     | Reached XP level 12. HP: 87/89 MP: 24/24
 11345 | D:10     | Found a staircase to the Orcish Mines.
 11354 | D:10     | Noticed a centaur warrior
 11377 | D:10     | Killed a centaur warrior
 11912 | D:11     | Found a gate leading to a gauntlet.
 11926 | Gauntlet | Entered a Gauntlet
 11926 | Gauntlet | Found a transporter.
 11927 | Gauntlet | Noticed a death scarab
 11929 | Gauntlet | Found a transporter.
 11930 | Gauntlet | Found a transporter.
 11930 | Gauntlet | Noticed a death scarab
 11931 | Gauntlet | Found a transporter.
 11934 | Gauntlet | Found a transporter.
 11935 | Gauntlet | Found a transporter.
 11943 | Gauntlet | Found a transporter.
 11944 | Gauntlet | Noticed a hell hog
 11945 | Gauntlet | Noticed a catoblepas
 11948 | Gauntlet | Found a transporter.
 11963 | Gauntlet | Found a transporter.
 11983 | Gauntlet | Found a transporter.
 11987 | Gauntlet | Found a transporter.
 11995 | Gauntlet | Found a transporter.
 12192 | Gauntlet | Identified the +2 pair of boots of Tulips {rF+ Will+++
                  | Str-2}
 12307 | Gauntlet | Identified the ring "Zijuros" {*Corrode rPois Will+ SInv}
 12321 | Gauntlet | Noticed a minotaur
 12334 | Gauntlet | Hit by a silver javelin thrown by a minotaur

Illustrated notes

Levels and vault maps discovered:
D:1:      psy_arrival_basics, layout_loops_corners, serial_shops,
          nicolae_shop_crystal, minmay_nonomino_d4
D:2:      minmay_door_path, layout_basic, basic_altar,
          ebering_ecumenical_altar_webs, st_stairs_14, uniq_jessica
D:3:      layout_basic, due_unseen_surprise
D:4:      layout_cave_pools, uniq_crazy_yiuf_cottage
D:5:      layout_basic, minmay_temple_entry_nine_rooms
D:6:      layout_rooms, gup_sewer_entry_bubbles, serial_bayou_pond_e,
          uniq_duvessa
D:7:      lemuel_insect_pit, layout_basic
D:8:      layout_loops_corners, lemuel_round_altar, dpeg_oklobed_lair,
          serial_bayou, serial_bayou_shore_a, serial_bayou_lagoon_a,
          serial_bayou_shore_b, serial_bayou_crossing, minivault_14,
          minmay_mini_ossuary, uniq_gastronok
D:9:      minmay_the_grid_triangle_9x9_rhombus_thin
          [minmay_the_grid_triangle_9x9_stretched_checkered,
          minmay_the_grid_triangle_9x9_prize_top_heavy,
          minmay_the_grid_triangle_9x9_pentomino_pain,
          minmay_the_grid_triangle_9x9_shrine], layout_grid_maze, minivault_24,
          uniq_joseph, uniq_erolcha
D:10:     layout_gridville, david_orc_1_choice, minmay_misc_feat_four_crosses,
          uniq_maggie
D:11:     layout_cave_pools, gauntlet_entry_generic
Temple:   grunt_wide_crystal_templ
Gauntlet: minmay_gauntlet_mixed_oops_all_seconds
          [minmay_gauntlet_arena_77_broken_ladder, nicolae_gauntlet_arena_x,
          minmay_gauntlet_arena_77_braids,
          gammafunk_gauntlet_arena_arrow_garden,
          minmay_gauntlet_arena_77_tiled_triplets,
          gammafunk_gauntlet_arena_grid, dreamdust_gauntlet_exit_labyrinth]

Skill      XL: |  1  2  3  4  5  6  7  8  9 10 11 12 |
---------------+-------------------------------------+-----
Spellcasting   | 5 6 7 8 |  8.9
Invocations    | 1 2 3 4 5 6 7 8 |  8.0
Fighting       | 1 2 3 4 5 6 7 |  7.3
Short Blades   | 1 2 3 4 5 6 7 |  7.3
Long Blades    | 1 2 3 4 5 6 7 |  7.3
Axes           | 1 2 3 4 5 6 7 |  7.3
Maces & Flails | 1 2 3 4 5 6 7 |  7.3
Polearms       | 1 2 3 4 5 6 7 |  7.3
Staves         | 1 2 3 4 5 6 7 |  7.3
Bows           | 1 2 3 4 5 6 7 |  7.3
Crossbows      | 1 2 3 4 5 6 7 |  7.3
Dodging        | 1 2 3 4 5 6 7 |  7.3
Shields        | 1 2 3 4 5 6 7 |  7.3
Unarmed Combat | 1 2 3 4 5 6 7 |  7.3
Evocations     | 1 2 3 4 5 6 7 |  7.3
Conjurations   | 1 2 3 4 5 6 |  6.0
Hexes          | 1 2 3 4 5 6 |  6.0
Summonings     | 1 2 3 4 5 6 |  6.0
Necromancy     | 1 2 3 4 5 6 |  6.0
Translocations | 1 2 3 4 5 6 |  6.0
Transmutations | 1 2 3 4 5 6 |  6.0
Fire Magic     | 1 2 3 4 5 6 |  6.0
Air Magic      | 1 2 3 4 5 6 |  6.0
Earth Magic    | 1 2 3 4 5 6 |  6.0
Poison Magic   | 1 2 3 4 5 6 |  6.0
Throwing       | 3 4 5 6 7 |  7.8
Armour         | 3 4 5 6 7 |  7.8
Ice Magic      | 4 5 6 7 |  7.2
Stealth        | 3 4 5 6 7 |  7.7
Slings         | 7 8 9 |  9.9

Action                   |  1- 3 |  4- 6 |  7- 9 | 10-12 || total
-------------------------+-------+-------+-------+-------++-------
Melee: Dagger            |       |    16 |   358 |       ||   374
       Bite              |       |     1 |    65 |    76 ||   142
       Hunting sling     |       |       |     1 |       ||     1
       Punch             |       |       |    15 |    28 ||    43
       Rapier            |       |       |    68 |   486 ||   554
       Whip              |       |       |    40 |       ||    40
       Spear             |       |       |       |    56 ||    56
 Fire: Hunting sling     |    70 |   118 |   117 |       ||   305
Throw: Dart              |       |       |    11 |    17 ||    28
 Cast: Freeze            |    19 |    41 |    52 |       ||   112
       Ensorcelled Hiber |       |     1 |     5 |       ||     6
Evoke: Wand              |       |     3 |     4 |       ||     7
  Use: Scroll            |       |       |     3 |     9 ||    12
       Potion            |       |       |       |     4 ||     4
 Stab: Sleeping          |       |       |    12 |     6 ||    18
       Invisible         |       |       |       |     3 ||     3
       Distracted        |       |       |       |     1 ||     1
Armor: Leather armour    |     4 |    18 |   112 |       ||   134
       Ring mail         |       |       |    70 |   195 ||   265
       Plate armour      |       |       |       |    71 ||    71
Dodge: Dodged            |    12 |    38 |   261 |   292 ||   603
